 Dungeon Crawl Stone Soup version 0.31-a0-819-gf6de2f5ab6 (webtiles) character file.

Game seed: 10612163691795926950

287 qw the Shooter (level 6, 0/38 HPs)
             Began as a Gargoyle Hunter on Sept 23, 2023.
             Killed from afar by an orc wizard (4 damage)
             ... with a magic dart
             ... on level 4 of the Dungeon.
             The game lasted 00:01:00 (2489 turns).

qw the Shooter (Gargoyle Hunter)                    Turns: 2489, Time: 00:01:00

Health: 0/38       AC:  6    Str: 14    XL:     6   Next: 30%
Magic:  6/6        EV: 13    Int: 10    God:
Gold:   115        SH:  0    Dex: 21    Spells: 5/5 levels left

rFire   . . .        Y - +0 shortbow
rCold   . . .        (shield currently unavailable)
rNeg    + . .        i - +0 robe {Will+}
rPois   inf          (no helmet)
rElec   +            (no cloak)
rCorr   .            (no gloves)
SInv    .            (no boots)
Will    +....        (no amulet)
Stlth   ++           d - +6 ring of dexterity
HPRegen 0.26/turn    (no ring)
MPRegen 0.10/turn

%: no passive effects
@: no status effects
A: sickness immunity, AC +4, negative energy resistance 1, electricity
resistance, torment resistance 1, petrification resistance
a: no special abilities


You were on level 4 of the Dungeon.
You visited 1 branch of the dungeon, and saw 4 of its levels.

You collected 115 gold pieces.


Innate Abilities, Weirdness & Mutations

You are immune to sickness and miasma.
Your stone body is resilient. (AC +4)
You are immune to poison.
You resist negative energy. (rN+)
You are resistant to electric shocks. (rElec)
You are resistant to unholy torment.
You are immune to petrification.


   Skills:
 - Level 4.0 Fighting
 + Level 6.2 Ranged Weapons
 - Level 1.5 Armour
 - Level 2.0 Dodging
 - Level 1.1 Stealth


You had 5 spell levels left.
You didn't know any spells.
Your spell library was empty.

Inventory:

Hand Weapons
 Y - a +0 shortbow (weapon)
Armour
 b - a +0 ring mail
 i - a +0 robe of willpower (worn)
Jewellery
 d - a +6 ring of dexterity (left hand)
Scrolls
 f - a scroll of identify
Potions
 e - a potion of curing
 g - a potion of attraction {unknown}
 h - a potion of enlightenment {unknown}

Dungeon Overview and Level Annotations

Branches:
Dungeon (4/15)
 Temple: D:4-7

Altars:
Xom


Message History

You shoot an arrow. Something hits you but does no damage.
You shoot an arrow. Something hits you.
You shoot an arrow.
Something hits you but does no damage. x2
You shoot an arrow. Something hits you.
You shoot an arrow. Something hits you.
You shoot an arrow. Something hits you.
You shoot an arrow.
You hear some strange, mumbled words.
A puff of flame appears from out of thin air!
The puff of flame hits you.
You shoot an arrow. Something hits you but does no damage.
You shoot an arrow. Something hits you.
You shoot an arrow. Something hits you.
You shoot an arrow. Something hits you but does no damage.
You shoot an arrow.
You hear some strange, mumbled words.
A puff of flame appears from out of thin air!
The puff of flame hits you.
You shoot an arrow. Something hits you.
You hear some strange, mumbled words.
A puff of flame appears from out of thin air!
The puff of flame misses you.
You shoot an arrow. Something hits you but does no damage.
You shoot an arrow.
You hear some strange, mumbled words.
A magic dart appears from out of thin air!
The magic dart hits you.
You die...

#.....# #.....#
######.....#####
#..............#
+..............#
#..............#
..........)....#
.........@)....#
######'##{....#
#.....<.#.....#
#.......#.)...#
+.......#.....#
#.......#.....#
#.......#.....#
+.......#.....#
#+#####+#


There were no monsters in sight!

Vanquished Creatures
  A kobold brigand (D:3)
  A hound (D:2)
  An iguana (D:3)
  Jessica (D:3)
  An orc wizard (D:4)
  4 adders
  2 worms
  3 dart slugs
  4 orcs
  2 ball pythons
  5 endoplasms
  A giant cockroach (D:2)
  8 goblins
  2 hobgoblins
  A jackal (D:3)
  3 quokkas
  6 bats
  2 frilled lizards
  9 kobolds
  6 rats
63 creatures vanquished.

Notes
Turn   | Place    | Note
-------+----------+-------------------------------------------
     0 | D:1      | qw the Gargoyle Hunter began the quest for the Orb.
     0 | D:1      | Reached XP level 1. HP: 12/12 MP: 1/1
     0 | D:1      | 0 ||| qw: Version: 0.3-a-83-gcd0e7d8
     0 | D:1      | 0 ||| qw: Game counter: 1642
     0 | D:1      | 0 ||| qw: Melee chars always use a shield: true
     0 | D:1      | 0 ||| qw: God list: Okawaru
     0 | D:1      | 0 ||| qw: Allow faded altars: false
     0 | D:1      | 0 ||| qw: Do Orc after clearing Dungeon:15 true
     0 | D:1      | 0 ||| qw: Do second Lair branch before Depths: true
     0 | D:1      | 0 ||| qw: Lair rune preference: random
     0 | D:1      | 0 ||| qw: Goals: Normal
     0 | D:1      | 0 ||| PLANNING D:1-11
    94 | D:1      | Reached XP level 2. HP: 17/17 MP: 2/2
   502 | D:1      | Found a faded altar of an unknown god.
   578 | D:1      | 578 ||| READING scroll labelled SANTAT KITEN.
   583 | D:1      | 583 ||| READING scroll labelled QAIFIO COACIAX.
   584 | D:1      | 584 ||| DRINKING 2 glowing red potions.
   585 | D:1      | 585 ||| DROPPING scroll of butterflies.
   631 | D:2      | Reached skill level 5 in Ranged Weapons
   631 | D:2      | Reached XP level 3. HP: 16/21 MP: 3/3
   632 | D:2      | 632 ||| STAIRDANCE
   978 | D:2      | Reached XP level 4. HP: 27/27 MP: 4/4
  1013 | D:2      | 1013 ||| DROPPING +0 sling of draining.
  1039 | D:2      | Reached skill level 3 in Fighting
  1230 | D:2      | 1230 ||| UPGRADING to +6 ring of dexterity.
  1231 | D:2      | 1231 ||| READING scroll labelled NON VELUNOUJE.
  1232 | D:2      | 1232 ||| READING scroll labelled JUENTY NEPEUHE.
  1233 | D:2      | 1233 ||| DRINKING 3 ruby potions.
  1234 | D:2      | 1234 ||| DROPPING 2 potions of brilliance.
  1451 | D:3      | Found the +7 Throatcutter {drain, coup de grace}
  1451 | D:3      | Noticed a kobold brigand
  1475 | D:3      | Killed a kobold brigand
  1476 | D:3      | Reached skill level 6 in Ranged Weapons
  1476 | D:3      | Reached XP level 5. HP: 14/32 MP: 5/5
  1692 | D:3      | 1692 ||| FLEEEEING.
  1693 | D:3      | 1693 ||| FLEEEEING.
  1694 | D:3      | 1694 ||| FLEEEEING.
  1695 | D:3      | 1695 ||| FLEEEEING.
  1696 | D:3      | 1696 ||| FLEEEEING.
  1697 | D:3      | 1697 ||| FLEEEEING.
  1698 | D:3      | 1698 ||| FLEEEEING.
  1699 | D:3      | 1699 ||| FLEEEEING.
  1700 | D:3      | 1700 ||| FLEEEEING.
  1701 | D:3      | 1701 ||| FLEEEEING.
  1702 | D:3      | 1702 ||| FLEEEEING.
  1703 | D:3      | 1703 ||| FLEEEEING.
  1710 | D:3      | 1710 ||| FLEEEEING.
  1711 | D:3      | 1711 ||| FLEEEEING.
  1712 | D:3      | 1712 ||| FLEEEEING.
  1716 | D:3      | 1716 ||| FLEEEEING.
  1717 | D:3      | 1717 ||| FLEEEEING.
  1718 | D:3      | 1718 ||| FLEEEEING.
  1724 | D:3      | 1724 ||| FLEEEEING.
  1725 | D:3      | 1725 ||| FLEEEEING.
  1726 | D:3      | 1726 ||| FLEEEEING.
  1727 | D:3      | 1727 ||| FLEEEEING.
  1728 | D:3      | 1728 ||| FLEEEEING.
  1729 | D:3      | 1729 ||| FLEEEEING.
  1730 | D:3      | 1730 ||| FLEEEEING.
  1731 | D:3      | 1731 ||| STAIRDANCE
  1779 | D:2      | 1779 ||| UPGRADING to +0 ring mail.
  1789 | D:2      | 1789 ||| DROPPING +0 leather armour.
  1790 | D:2      | 1790 ||| READING scroll labelled HUN BAFFIURYOS.
  1872 | D:3      | Reached skill level 1 in Armour
  1936 | D:3      | Reached XP level 6. HP: 37/37 MP: 6/6
  1948 | D:3      | Found a shimmering altar of Xom.
  1974 | D:3      | Noticed Jessica
  1975 | D:3      | Killed Jessica
  2402 | D:3      | 2402 ||| UPGRADING to +0 robe of willpower.
  2412 | D:3      | 2412 ||| READING 2 scrolls labelled LOTOCW CIMPIU.
  2413 | D:3      | 2413 ||| READING 2 scrolls of identify.
  2413 | D:3      | 2413 ||| IDENTIFYING grey potion
  2414 | D:3      | 2414 ||| DROPPING potion of degeneration.
  2415 | D:3      | 2415 ||| DROPPING scroll of fog.
  2483 | D:4      | HP: 8/38 [something (3)]
  2487 | D:4      | HP: 3/38 [something (1)]
  2489 | D:4      | Killed from afar by an orc wizard

Levels and vault maps discovered:
D:1:      eino_arrival_water_star, layout_loops_ring,
          hellmonk_ecumenical_altar_run_dry, chequers_mini_garden
D:2:      layout_loops_ring
D:3:      layout_loops_corners, xom_confusion_cloud, st_stairs_6, hex_medium,
          dilly_guarded_unrand_throatcut, uniq_jessica
D:4:      layout_gridville, nicolae_overflow_hidden_temple, temple_pool_b,
          serial_glass, glass_columns_b, glass_columns_b, glass_columns_b,
          glass_columns_b, uniq_blork_the_orc, uniq_crazy_yiuf_cottage,
          uniq_eustachio

Skill      XL: |  1  2  3  4  5  6 |
---------------+-------------------+-----
Ranged Weapons | 5 6 |  6.2
Fighting       | 3 4 |  4.0
Dodging        | 2 |  2.0
Armour         | 1 |  1.5
Stealth        | |  1.1

Action                     |  1- 3 |  4- 6 || total
---------------------------+-------+-------++-------
   Fire: Shortbow          |    57 |   152 ||   209
    Use: Scroll            |     2 |     5 ||     7
         Potion            |     1 |     1 ||     2
 Armour: Leather armour    |    17 |    60 ||    77
         Ring mail         |       |     8 ||     8
         Robe              |       |    31 ||    31
  Dodge: Dodged            |    12 |    80 ||    92

Table legend:
 A = Non-vault XP
 B = Vault XP
 C = Vault XP percentage of total XP
 D = Non-vault monster count
 E = Vault monster count
 F = Vault count percentage of total count
                 A         B        C        D         E       F
            +---------+---------+-------+---------+---------+-------
      Total |     224 |     186 |  45.4 |      46 |      17 |  27.0
            +---------+---------+-------+---------+---------+-------
        D:1 |      23 |       0 |   0.0 |      12 |       0 |   0.0
        D:2 |      76 |       0 |   0.0 |      15 |       0 |   0.0
        D:3 |      78 |     186 |  70.5 |      14 |      17 |  54.8
        D:4 |      47 |       0 |   0.0 |       5 |       0 |   0.0
            +---------+---------+-------+---------+---------+-------
